 Dungeon Crawl Stone Soup version 0.28.0-45-g0d030f2227 (console) character file.

Game seed: 6520454250513185360

2775 Faeu the Covered (level 9, -8/70 (71) HPs)
             Began as a Minotaur Fighter on Apr 20, 2022.
             Was a Follower of Hepliaklqana.
             Mangled by a six-headed hydra (9 damage)
             ... on level 8 of the Dungeon.
             The game lasted 00:27:40 (7202 turns).

Faeu the Covered (Minotaur Fighter)                 Turns: 7202, Time: 00:27:41

HP:   -8/70 (71)    AC: 18    Str: 34    XL:     9   Next: 42%
MP:   0/8           EV:  8    Int:  9    God:    Hepliaklqana [*.....]
Gold: 450           SH:  4    Dex:  4    Spells: 8/8 levels left

rFire   . . .      SeeInvis .   m - +11 spear {vorpal, Str+8 Int+4 Dex-5, polearm}
rCold   . . .      Faith    .   c - +0 buckler
rNeg    . . .      Spirit   +   t - +0 plate armour
rPois   +          Reflect  .   (helmet restricted)
rElec   .          Harm     .   (no cloak)
rCorr   .          Rampage  .   O - +0 pair of gloves of Huinahel {rPois}
Will    .....                   (no boots)
Stlth   ..........              C - amulet of guardian spirit
HPRegen 0.21/turn               j - +4 ring of protection
MPRegen 0.11/turn               (no ring)

@: lightly drained
A: reduced essence, horns 2, retaliatory headbutt
a: Renounce Religion, Recall Ancestor, Ancestor Identity


You were on level 8 of the Dungeon.
You worshipped Hepliaklqana.
Hepliaklqana was aware of your devotion.
You visited 2 branches of the dungeon, and saw 9 of its levels.
You also visited: Sewer.

You collected 450 gold pieces.


Innate Abilities, Weirdness & Mutations

Your life essence is reduced to manifest your ancestor. (-10% HP)
You have a pair of horns on your head.
You reflexively headbutt those who attack you in melee.


   Skills:
 + Level 7.3 Fighting
 + Level 6.7 Long Blades
 + Level 1.9(4.0) Axes
 - Level 5.5(5.7) Polearms
 + Level 7.4 Armour
 + Level 5.6 Dodging
 + Level 7.3 Shields


You had 8 spell levels left.
You didn't know any spells.
Your spell library contained the following spells:

 Spells                   Type           Power      Damage    Failure   Level
 Animate Skeleton         Necr           0%         N/A       98%         1
 Pain                     Necr           0%         1d4       98%         1
 Gell's Gravitas          Tloc           0%         N/A       100%        3
 Ignite Poison            Fire/Tmut/Pois 0%         N/A       100%        3
 Lesser Beckoning         Tloc           0%         N/A       100%        3
 Portal Projectile        Hex/Tloc       0%         N/A       100%        3
 Teleport Other           Tloc           0%         N/A       100%        3
 Vampiric Draining        Necr           0%         2d6       100%        3
 Hailstorm                Conj/Ice       0%         3d3       100%        4
 Blade Hands              Tmut           0%         N/A       100%        5
 Excruciating Wounds      Necr           0%         N/A       100%        5
 Starburst                Conj/Fire      0%         6d3       100%        6
 Chain Lightning          Conj/Air       0%         N/A       100%        9
 Fire Storm               Conj/Fire      0%         5d1       100%        9
 Shatter                  Erth           0%         3d5*      100%        9

Inventory:

Hand Weapons
 a - a +0 long sword {long}
 i - a +0 vampiric dagger {short}
   (You found it on level 1 of the Dungeon)
 m - the +11 spear of Sloth (weapon) {vorpal, Str+8 Int+4 Dex-5, polearm}
   (You found it on level 2 of the Dungeon)

   It inflicts extra damage upon your enemies.
   Str:       It affects your strength (+8).
   Int:       It affects your intelligence (+4).
   Dex:       It affects your dexterity (-5).
 o - the +11 war axe of Veomn {flame, +Blink Str+7 SInv, axe}
   (You found it on level 7 of the Dungeon)

   It burns those it strikes, dealing additional fire damage.
   Big, fiery blades are also staple armaments of hydra-hunters.
   Str:       It affects your strength (+7).
   SInv:      It lets you see invisible.
   +Blink:    It lets you blink.
Missiles
 l - 15 poisoned darts {throwing}
 n - 3 curare-tipped darts (quivered) {=fthrowing}
Armour
 c - a +0 buckler (worn)
 t - a +0 plate armour (worn)
   (You found it on level 4 of the Dungeon)
 A - a +2 ring mail of positive energy
   (You found it on level 5 of the Dungeon)
 O - the +0 pair of gloves of Huinahel (worn) {rPois}
   (You found it on level 8 of the Dungeon)

   rPois:     It protects you from poison.
Jewellery
 j - a +4 ring of protection (left hand)
   (You found it on level 1 of the Dungeon)
 y - a ring of ice
   (You found it on level 5 of the Dungeon)
 C - an amulet of guardian spirit (around neck)
   (You found it on level 6 of the Dungeon)
Wands
 b - a wand of charming (4)
   (You found it on level 6 of the Dungeon)
 J - a wand of iceblast (8)
   (You found it on level 7 of the Dungeon)
 L - a wand of flame (12)
   (You found it on level 8 of the Dungeon)
Scrolls
 e - 11 scrolls of identify {unknown}
 f - a scroll of acquirement {unknown}
 g - 3 scrolls of blinking {unknown}
 h - 2 scrolls of teleportation {unknown}
 k - 2 scrolls of holy word {unknown}
 q - a scroll of noise {unknown}
 r - a scroll of brand weapon {unknown}
 w - a scroll of magic mapping {unknown}
 x - a scroll of silence {unknown}
 E - a scroll of enchant weapon {unknown}
 F - a scroll of summoning {unknown}
 K - a scroll of amnesia {unknown}
 M - a scroll of fear {unknown}
Potions
 d - 2 potions of might
 p - 3 potions of heal wounds {unknown}
 s - a potion of mutation {unknown}
 u - a potion of invisibility {unknown}
 v - 2 potions of cancellation {unknown}
 z - a potion of curing {unknown}
 B - a potion of attraction {unknown}
 D - a potion of haste {unknown}
 G - a potion of flight {unknown}
 I - a potion of resistance {unknown}
 N - 2 potions of degeneration {unknown}
Miscellaneous
 H - a piece from Xom's chessboard (15/15)
   (You found it on level 7 of the Dungeon)

Dungeon Overview and Level Annotations

Branches:
Dungeon (8/15)             Temple (1/1) D:7           Sewer (visited)
   Lair: D:8-11

Altars:
Ashenzari
Cheibriados
Dithmenos
Fedhas
Hepliaklqana
Kikubaaqudgha
Makhleb
Nemelex Xobeh
Okawaru
Qazlal
Ru
Sif Muna
Trog
Uskayaw
Wu Jian
Xom
Yredelemnul
Zin
The Shining One

#......>..##
#.#.#.....##
##..).......##
.#..#.........#
......'.........'
...####.........#
#..# ##.......##
...# ##.....## #.#
##...##
#.#######.# ##'##
#.....D@R.#
#.#####
#.#######.#
#...... ###.###
##..####
#.....#####...####
#.#..........[....
#.###.#####...####
#.# #.# ##..####
#.###.# #......
#.....# #.#####
####### #.#
######### #.#


You could see the friendly Shedsu-nefertum the ancestor and a six-headed hydra
(ally target).


Message History

You now have 70 max hp (-8). 😕 HP[+1] 😕 HP[+1]
You open the door.
There is an open door here. 😕 HP[+1]
You swap places.
Things that are here:
a +0 whip {mace}; a +0 ring mail; an orc skeleton You see here a +0 flail {mace}.
Things that are here:
a +0 whip {mace}; a +0 whip {mace} You swap places.
You see here a +0 trident {polearm}.
You swap places.
You see here a +0 trident {polearm}.
You swap places.
You see here a +0 whip {mace}.
There is an open door here.
There is an open door here.
There is an open door here.
There is an open door here.
An orc comes into view. It is wielding a +0 flail.
The orc shouts! 😎 HP[+10]
You block the orc's attack.
You slash the orc! You burn the orc.
You kill the orc!
Things that are here:
a +0 flail {mace}; a +0 leather armour; an orc corpse
N - 2 sedimented black potions You see here a +0 whip {mace}.
There is an open door here.
You see here a +0 leather armour.
O - the +0 pair of gloves of Huinahel {rPois} You start putting on your armour.
You continue putting on the +0 pair of gloves of Huinahel {rPois}. x4
You finish putting on the +0 pair of gloves of Huinahel {rPois}.
You now have 450 gold pieces (gained 6).
You swap places.
A six-headed hydra comes into view.
The six-headed hydra roars!
The +11 war axe of Veomn {flame, +Blink Str+7 SInv, axe} stops flaming.
You feel stronger.
You feel clever.
You feel clumsy.
m - the +11 spear of Sloth (weapon)
{vorpal, Str+8 Int+4 Dex-5, polearm} The six-headed hydra bites you! x2; The six-headed hydra barely misses you. x2
The six-headed hydra bites you!
The six-headed hydra barely misses you. 😮 HP[-27] MP[-3]
You take 27 damage, and now have 43/70 hp.
MASSIVE DAMAGE!! (PAUSE)
You lost 3 mp, and now have 5/8 mp.
You barely miss the six-headed hydra.
Your headbutt misses the six-headed hydra.
You hit the six-headed hydra.
The six-headed hydra closely misses you.
The six-headed hydra bites you.
The six-headed hydra bites you but does no damage.
The six-headed hydra closely misses you.
The six-headed hydra bites you but does no damage. x2 😮 HP[-1]
You take 1 damage, and now have 42/70 hp.
You hit the six-headed hydra. You headbutt the six-headed hydra!
The six-headed hydra bites you but does no damage. x4
The six-headed hydra closely misses you.
The six-headed hydra barely misses you.
You barely miss the six-headed hydra.
Your headbutt misses the six-headed hydra.
The six-headed hydra bites you but does no damage.
The six-headed hydra bites you.
The six-headed hydra bites you but does no damage.
The six-headed hydra completely misses you.
You block the six-headed hydra's attack.
The six-headed hydra bites you but does no damage. 😮 HP[-4] MP[-1]
You take 4 damage, and now have 38/70 hp.
You lost 1 mp, and now have 4/8 mp.
You impale the six-headed hydra!!
The six-headed hydra bites you but does no damage.
The six-headed hydra bites you.
* * * LOW HITPOINT WARNING * * *
The six-headed hydra bites you!
* * * LOW HITPOINT WARNING * * *
The six-headed hydra bites you.
* * * LOW HITPOINT WARNING * * *
The six-headed hydra bites you but does no damage. x2 😨 HP[-18] MP[-1]
You take 18 damage, and now have 20/70 hp.
MASSIVE DAMAGE!! (PAUSE)
You lost 1 mp, and now have 3/8 mp.
You puncture the six-headed hydra! The six-headed hydra bites you!
* * * LOW HITPOINT WARNING * * *
The six-headed hydra closely misses you.
The six-headed hydra bites you.
* * * LOW HITPOINT WARNING * * *
The six-headed hydra bites you!
* * * LOW HITPOINT WARNING * * *
You block the six-headed hydra's attack.
The six-headed hydra bites you!
You die...

Skill      XL: |  1  2  3  4  5  6  7  8  9 |
---------------+----------------------------+-----
Dodging        | 1 2 3 4 5 |  5.6
Armour         | 4 5 6 7 |  7.4
Shields        | 4 5 7 |  7.3
Fighting       | 4 5 6 7 |  7.3
Long Blades    | 3 4 5 6 |  6.7
Polearms       | 1 2 4 5 |  5.5
Axes           | 1 |  1.9

Action                   |  1- 3 |  4- 6 |  7- 9 || total
-------------------------+-------+-------+-------++-------
Melee: Long sword        |    39 |       |       ||    39
       Headbutt          |     5 |     4 |    22 ||    31
       Spear             |    15 |    92 |   105 ||   212
       War axe           |       |       |    33 ||    33
Throw: Dart              |       |     4 |       ||     4
Evoke: Wand              |       |       |     1 ||     1
Armor: Scale mail        |    22 |     4 |       ||    26
       Chain mail        |       |    30 |       ||    30
       Plate armour      |       |    12 |    77 ||    89
Dodge: Dodged            |    27 |    34 |    53 ||   114
Block: Buckler           |    12 |    11 |    26 ||    49

Levels and vault maps discovered:
D:1:      erik_arrival_cave_to_civilisation [erik_arrival_cave_to_hall],
          layout_loops_corners
D:2:      layout_loops_ring, hellmonk_ecumenical_altar_run_dry
D:3:      layout_loops_corners, trog_book, portal_sewer_entry_b,
          minmay_misc_feat_cross, minmay_box_of_dots
D:4:      layout_basic, general_overflow_altar
D:5:      nicolae_cairo_tiling_very_big, layout_basic,
          nicolae_overflow_crystal_walls, kennysheep_mini,
          minmay_fractal_squares_gapless_5
D:6:      layout_basic, kennysheep_little_box, minivault_10,
          minmay_misc_feat_roman, uniq_menkaure
D:7:      layout_gridville, xom_butterflies, minmay_temple_entry_enclosed_plants
D:8:      layout_loops_corners, lair_entry_dummy, serial_glass, glass_columns_a,
          glass_columns_a, minmay_stone_trees_small
Temple:   cyrus_circular_temple

Notes
Turn   | Place    | Note
-------+----------+-------------------------------------------
     0 | D:1      | Faeu the Minotaur Fighter began the quest for the Orb.
     0 | D:1      | Reached XP level 1. HP: 19/19 MP: 0/0
     0 | D:1      | magus.rc [v1.9.6]
    55 | D:1      | You add the spells Ignite Poison, Hailstorm and Starburst
                  | to your library.
    55 | D:1      | Got the Catalogue of Arcane Weapons and the Arsonist
   204 | D:1      | Reached XP level 2. HP: 27/27 MP: 1/1
   518 | D:1      | Reached skill level 1 in Dodging
   607 | D:1      | Reached skill level 4 in Armour
   707 | D:1      | Reached XP level 3. HP: 33/33 MP: 2/2
  1089 | D:2      | Reached skill level 4 in Shields
  1093 | D:2      | Found a faded altar of an unknown god.
  1096 | D:2      | Reached skill level 4 in Fighting
  1151 | D:2      | Identified the +11 spear of Sloth {vorpal, Str+8 Int+4
                  | Dex-5}
  1175 | D:2      | Reached skill level 3 in Long Blades
  1427 | D:2      | Reached XP level 4. HP: 40/40 MP: 3/3
  1557 | D:2      | Reached skill level 1 in Polearms
  2088 | D:3      | Reached skill level 2 in Dodging
  2191 | D:3      | Found a glowing drain.
  2216 | Sewer    | Entered a sewer
  2268 | Sewer    | Noticed Pargi
  2287 | Sewer    | Killed Pargi
  2288 | Sewer    | Reached XP level 5. HP: 47/47 MP: 4/4
  2308 | Sewer    | You pick up a book of Displacement and begin reading...
  2308 | Sewer    | You add the spells Lesser Beckoning, Gell's Gravitas and
                  | Teleport Other to your library.
  2487 | D:3      | You pick up a book of Annihilations and begin reading...
  2487 | D:3      | You add the spells Chain Lightning, Fire Storm and Shatter
                  | to your library.
  2805 | D:3      | Noticed an ogre
  2811 | D:3      | Killed an ogre
  2812 | D:3      | Reached skill level 2 in Polearms
  2812 | D:3      | Reached XP level 6. HP: 40/55 MP: 5/5
  3087 | D:3      | Found a bloodstained altar of Trog.
  3375 | D:4      | Reached skill level 4 in Long Blades
  3375 | D:4      | Reached skill level 5 in Shields
  3455 | D:4      | Reached skill level 5 in Fighting
  3455 | D:4      | Reached skill level 5 in Armour
  3455 | D:4      | Reached skill level 3 in Dodging
  3579 | D:4      | Found a glowing silver altar of Zin.
  3709 | D:5      | Entered Level 5 of the Dungeon
  3760 | D:5      | Reached XP level 7. HP: 57/61 MP: 6/6
  3833 | D:5      | Found a shimmering blue altar of Sif Muna.
  3959 | D:5      | Reached skill level 3 in Polearms
  4178 | D:5      | Found a broken altar of Ashenzari.
  4375 | D:5      | Reached skill level 5 in Long Blades
  4474 | D:5      | You pick up a book of Weapons and begin reading...
  4474 | D:5      | You add the spells Portal Projectile, Excruciating Wounds
                  | and Blade Hands to your library.
  4811 | D:6      | Noticed Menkaure
  4814 | D:6      | Killed Menkaure
  4815 | D:6      | Reached skill level 4 in Polearms
  4815 | D:6      | Reached skill level 4 in Dodging
  4815 | D:6      | Reached XP level 8. HP: 55/70 MP: 7/7
  5074 | D:6      | Found a blossoming altar of Fedhas.
  5112 | D:6      | Reached skill level 6 in Fighting
  5112 | D:6      | Reached skill level 6 in Armour
  5112 | D:6      | Reached skill level 6 in Shields
  5486 | D:6      | You pick up a book of Necromancy and begin reading...
  5486 | D:6      | You add the spells Pain, Animate Skeleton and Vampiric
                  | Draining to your library.
  5947 | D:7      | Reached skill level 6 in Long Blades
  5947 | D:7      | Reached skill level 5 in Polearms
  5966 | D:7      | Noticed a green ugly thing
  5978 | D:7      | Killed a green ugly thing
  5979 | D:7      | Reached skill level 5 in Dodging
  5979 | D:7      | Reached skill level 7 in Shields
  5979 | D:7      | Reached XP level 9. HP: 52/78 MP: 5/8
  5988 | D:7      | Identified the +11 war axe of Veomn {flame, +Blink Str+7
                  | SInv}
  6189 | D:7      | Reached skill level 7 in Fighting
  6189 | D:7      | Reached skill level 7 in Armour
  6200 | D:7      | Found a shimmering altar of Xom.
  6225 | D:7      | Found a staircase to the Ecumenical Temple.
  6231 | Temple   | Entered the Ecumenical Temple
  6332 | Temple   | Became a worshipper of Hepliaklqana the Forgotten
  6419 | D:7      | Reached skill level 1 in Axes
  6899 | D:8      | Reached * piety under Hepliaklqana
  7174 | D:8      | Identified the +0 pair of gloves of Huinahel {rPois}
  7192 | D:8      | Noticed a six-headed hydra
  7202 | D:8      | HP: 13/70 [six-headed hydra (7)]
  7202 | D:8      | HP: 1/70 [six-headed hydra (7)]
  7202 | D:8      | Mangled by a six-headed hydra

Vanquished Creatures
  An ugly thing (D:7)
  A wyvern (D:8)
  Menkaure (D:6)
  Pargi (Sewer)
  An orc warrior (D:7)
  2 ice beasts
  A sky beast (D:6)
  A hornet zombie (D:5)
  A necrophage (D:5)
  An ogre (D:3)
  2 centaurs (D:7)
  A phantom (D:5)
  A kobold brigand (D:7)
  2 bullfrogs
  3 scorpions
  A wyvern zombie (D:5)
  4 wights (D:8)
  3 bullfrog zombies
  2 orc priests
  A hound (D:5)
  2 iguanas
  3 orc wizards
  A killer bee zombie (D:7)
  A howler monkey zombie (D:3)
  A howler monkey skeleton (D:7)
  12 adders
  A worm (D:5)
  3 dart slugs
  12 orcs
  5 ball pythons
  7 endoplasms
  5 giant cockroaches
  11 goblins
  8 hobgoblins
  7 jackals
  2 quokkas
  3 bats
  2 frilled lizards (D:1)
  A jackal skeleton (D:4)
  8 kobolds
  8 rats
  2 butterflies (D:7)
136 creatures vanquished.

Vanquished Creatures (collateral kills)
  A kobold (D:7)
1 creature vanquished.

Vanquished Creatures (others)
  A kobold (D:7)
1 creature vanquished.

Grand Total: 138 creatures vanquished

Table legend:
 A = Non-vault XP
 B = Vault XP
 C = Vault XP percentage of total XP
 D = Non-vault monster count
 E = Vault monster count
 F = Vault count percentage of total count
                 A         B        C        D         E       F
            +---------+---------+-------+---------+---------+-------
      Total |    3378 |     587 |  14.8 |     112 |      23 |  17.0
            +---------+---------+-------+---------+---------+-------
        D:1 |      42 |       3 |   6.7 |      22 |       2 |   8.3
        D:2 |      97 |       0 |   0.0 |      21 |       0 |   0.0
        D:3 |     144 |      27 |  15.8 |       8 |      11 |  57.9
        D:4 |     242 |       0 |   0.0 |      11 |       0 |   0.0
        D:5 |     427 |     235 |  35.5 |       9 |       4 |  30.8
        D:6 |     585 |     172 |  22.7 |      10 |       1 |   9.1
        D:7 |    1343 |       0 |   0.0 |      20 |       0 |   0.0
        D:8 |     498 |       0 |   0.0 |      11 |       0 |   0.0
      Sewer |       0 |     150 | 100.0 |       0 |       5 | 100.0
            +---------+---------+-------+---------+---------+-------

Illustrated notes

Table legend:
 A = Kills in this place as a percentage of kills in entire the game.
 B = Kills by you in this place as a percentage of kills by you in the entire game.
 C = Kills by friends in this place as a percentage of kills by friends in the entire game.
 D = Other kills in this place as a percentage of other kills in the entire game.
 E = Experience gained in this place as a percentage of experience gained in the entire game.
 F = Experience gained in this place divided by the number of levels of this place that you have seen.
                   A       B       C       D       E      F
               +-------+-------+-------+-------+-------+----------------------
         Total | 100.0 | 100.0 | 100.0 |   N/A | 100.0 | 396.5
       Dungeon |  96.3 |  96.3 | 100.0 |   N/A |  96.2 | 476.9
         Sewer |   3.7 |   3.7 |   0.0 |   N/A |   3.8 | 150.0
               +-------+-------+-------+-------+-------+----------------------

Table legend: (Time is in decaauts)
 A = Elapsed time spent in this place.
 B = Non-inter-level travel time spent in this place.
 C = Inter-level travel time spent in this place.
 D = Time resting spent in this place.
 E = Time spent auto-exploring this place.
 F = Levels seen in this place.
 G = Mean time per level.
                   A        B        C        D        E       F      G
               +--------+--------+--------+--------+--------+-----+--------+
         Total |   7236 |   6951 |    285 |      0 |   4807 |  10 |  723.6 |
       Dungeon |   6969 |   6684 |    285 |      0 |   4693 |   8 |  871.1 |
        Temple |    116 |    116 |      0 |      0 |     80 |   1 |  116.0 |
         Sewer |    149 |    149 |      0 |      0 |     34 |   1 |  149.0 |
               +--------+--------+--------+--------+--------+-----+--------+

Top non-repeatable levels by time:
     D:3: 1105 daAuts
     D:1: 1060 daAuts
     D:5: 1053 daAuts
     D:6: 1018 daAuts
     D:2: 862 daAuts
     D:7: 687 daAuts
     D:8: 618 daAuts
     D:4: 562 daAuts
   Sewer: 149 daAuts
  Temple: 116 daAuts
